 Dungeon Crawl Stone Soup version 0.24-b1-44-g37ad8b309f (webtiles) character file.

Game seed: 9551479121525721954, levelgen mode: deterministic

4 Destructed3 the Magician (level 1, -3/16 HPs)
             Began as a Mummy Skald on Oct 24, 2019.
             Slain by a quokka (5 damage)
             ... on level 2 of the Dungeon.
             The game lasted 00:00:34 (129 turns).

Destructed3 the Magician (Mummy Skald)               Turns: 129, Time: 00:00:35

Health: -3/16      AC:  3    Str: 14    XL:     1   Next: 58%
Magic:  4/4        EV: 11    Int: 12    God:
Gold:   3          SH:  0    Dex: 11    Spells: 5/6 levels left

rFire    x . .     SeeInvis .   a - +0 short sword
rCold    + . .     Gourm    .   (no shield)
rNeg     + + +     Faith    .   b - +0 leather armour
rPois    ∞         Spirit   .   (no helmet)
rElec    .         Reflect  .   (no cloak)
rCorr    .         Harm     .   (no gloves)
MR       .....                  (no boots)
Stlth    +.........             (no amulet)
HPRegen  0.05/turn              (no ring)
MPRegen  0.09/turn              (no ring)

@: no status effects
A: no food or potions, fire vulnerability, cold resistance 1, negative energy
resistance 3, torment resistance, unbreathing
a: no special abilities


You were on level 2 of the Dungeon.
You were not hungry.

You visited 1 branch of the dungeon, and saw 2 of its levels.

You collected 3 gold pieces.

Inventory:

Hand Weapons
 a - a +0 short sword (weapon)
Armour
 b - a +0 leather armour (worn)
Scrolls
 c - a scroll of teleportation {unknown}


   Skills:
 + Level 2.1 Fighting
 - Level 1.5 Short Blades
 - Level 0.7 Armour
 - Level 1.5 Dodging
 + Level 3.0 Spellcasting
 - Level 2.4 Charms


You had 5 spell levels left.
You knew the following spells:

 Your Spells              Type           Power        Failure   Level  Hunger
a - Infusion              Chrm           #...         12%         1    N/A

Your spell library contained the following spells:

 Spells                   Type           Power        Failure   Level  Hunger
 Song of Slaying          Chrm           #.......     17%         2    N/A
 Shroud of Golubria       Chrm/Tloc      #.....       28%         2    N/A
 Spectral Weapon          Hex/Chrm       #.......     50%         3    N/A
 Regeneration             Chrm/Necr      Unusable     N/A         3    N/A

Dungeon Overview and Level Annotations

Branches:
Dungeon (1/15)

Altars:


Innate Abilities, Weirdness & Mutations

You do not eat or drink.
Your flesh is vulnerable to fire.
You are immune to poison.
Your flesh is cold resistant. (rC+)
You are immune to negative energy. (rN+++)
You are immune to unholy pain and torment.
You can survive without breathing.


Message History

You closely miss the quokka. The quokka bites you.
You barely miss the quokka. The quokka closely misses you.
You hit the quokka but do no damage. The quokka bites you.
You completely miss the quokka. The quokka barely misses you.
The quokka bites you.
You hit the quokka but do no damage.
The giant cockroach bites you but does no damage.
The quokka bites you but does no damage.
The giant cockroach misses you.
You hit the giant cockroach.
The giant cockroach is lightly wounded.
The giant cockroach barely misses you. The quokka closely misses you.
You hit the giant cockroach.
The giant cockroach is moderately wounded.
The giant cockroach closely misses you. The quokka bites you.
* * * LOW HITPOINT WARNING * * *
You closely miss the giant cockroach.
The giant cockroach is moderately wounded.
The giant cockroach barely misses you. The quokka bites you.
You die...

#..## #.♣..♣....♣♣##.##
.
.....>.......♣.♣.....<.
#..#..# ###......###.##
#..#..#.#####..#.# #.#
#.............##.# #.#
........########.###.#
.... ............###
................
#######@########
......rs.......
#######.#..)...
#..........
....#.#......
......#.#...... #####
#.# ..... ... ..... #.#
.?..


You could see a quokka and a giant cockroach.

Vanquished Creatures
  A ball python (D:2)
  2 hobgoblins (D:2)
  A rat (D:2)
4 creatures vanquished.

Notes
Turn   | Place    | Note
-------+----------+-------------------------------------------
     0 | D:1      | Destructed3 the Mummy Skald began the quest for the Orb.
     0 | D:1      | Reached XP level 1. HP: 16/16 MP: 4/4
     3 | D:1      | You fall into a shaft and drop 1 floor!
    90 | D:2      | Reached skill level 3 in Spellcasting
   129 | D:2      | Slain by a quokka

Skill      XL: |  1 |
---------------+----+-----
Spellcasting   | 3 |  3.0
Fighting       | |  2.1
Short Blades   | |  1.5
Armour         | |  0.7
Dodging        | |  1.5
Charms         | |  2.4

Action                   || total
-------------------------++-------
Melee: Short sword       ||    18
 Cast: Infusion          ||     2
Armor: Leather armour    ||     2
Dodge: Dodged            ||    18
